 Dungeon Crawl Stone Soup version 0.23-a0-241-g3b46b076a4 (webtiles) character file.

380731 PikkenKukken the Bludgeoner (level 22, -4/145 HPs)
             Began as a Gargoyle Fighter on Sept 26, 2018.
             Was a High Priest of the Shining One.
             Killed from afar by a deep elf sorcerer (28 damage)
             ... with damnation
             ... on level 3 of the Elven Halls on Sept 27, 2018.
             The game lasted 02:35:27 (53755 turns).

PikkenKukken the Bludgeoner (Gargoyle Fighter)     Turns: 53755, Time: 02:35:28

Health: -4/145     AC: 58    Str: 40    XL:     22   Next: 88%
Magic:  0/52       EV: 13    Int: 21    God:    the Shining One [*****.]
Gold:   3280       SH: 16    Dex:  9    Spells: 19/21 levels left

rFire    . . .     SeeInvis +   G - +5 eveningstar of the Black Skies {freeze, Fragile Int+5 SInv}
rCold    . . .     Gourm    .   c - +0 shield {reflect}
rNeg     + + +     Faith    .   E - +10 plate armour "Guxuaj" {Str+5}
rPois    ∞         Spirit   +   (no helmet)
rElec    +         Reflect  +   g - +2 cloak of Misanthropy {MP+9 Int+4}
rCorr    .         Harm     .   N - +2 pair of gloves {Str+3}
MR       ++++.                  e - +1 pair of boots "Jaar" {+Fly MR+++ MP+9 Str-3}
Stlth    ..........             P - amulet of guardian spirit
HPRegen  0.34/turn              S - +6 ring of strength
MPRegen  0.33/turn              w - +3 ring of protection

@: about to teleport, flying, glowing
A: big wings, hooves 1, clever 1, negative energy resistance 1, electricity
resistance, unbreathing, petrification resistance, rot immunity, AC +16
}: 2/15 runes: decaying, gossamer
a: Stop Flying, Divine Shield, Cleansing Flame, Summon Divine Warrior, Renounce
Religion


You were on level 3 of the Elven Halls.
You worshipped the Shining One.
The Shining One was extremely pleased with you.
You were not hungry.

You visited 10 branches of the dungeon, and saw 41 of its levels.
You visited the Abyss 1 time.
You also visited: Ice Cave.

You collected 3694 gold pieces.
You spent 414 gold pieces at shops.

Inventory:

Hand Weapons
 G - the +5 eveningstar of the Black Skies (weapon) {freeze, Fragile Int+5 SInv}
   (Okawaru gifted it to you on level 3 of the Lair of Beasts)

   It has been specially enchanted to freeze those struck by it, causing extra
   injury to most foes and up to half again as much damage against particularly
   susceptible opponents.
   It can also slow down cold-blooded creatures.
   It affects your intelligence (+5).
   It lets you see invisible.
   It will be destroyed if unequipped.
Armour
 c - a +0 shield of reflection (worn)
 e - the +1 pair of boots "Jaar" (worn) {+Fly MR+++ MP+9 Str-3}
   (Okawaru gifted it to you on level 1 of the Swamp)

   It affects your strength (-3).
   It affects your resistance to hostile enchantments.
   It affects your magic capacity (+9).
   It lets you fly.
 g - the +2 cloak of Misanthropy (worn) {MP+9 Int+4}
   (You found it on level 1 of the Swamp)

   It affects your intelligence (+4).
   It affects your magic capacity (+9).
 z - a +1 pair of boots of running
 E - the +10 plate armour "Guxuaj" (worn) {Str+5}
   (Okawaru gifted it to you on level 3 of the Swamp)

   It affects your strength (+5).
 N - a +2 pair of gloves of strength (worn)
Jewellery
 j - an uncursed ring of protection from fire
 k - the amulet "Konijacu" {+Rage Dex-5 Slay+4}
   (You acquired it on level 3 of the Vaults)

   [amulet of rage]

   It affects your dexterity (-5).
   It affects your accuracy and damage with ranged weapons and melee attacks
   (+4).
   It lets you go berserk.
 m - an uncursed ring of see invisible
 w - a +3 ring of protection (right hand)
 x - an uncursed ring of protection from magic
 y - an uncursed ring of protection from cold
 H - an uncursed amulet of regeneration
 L - an uncursed ring of resist corrosion
 P - an amulet of guardian spirit (around neck)
 S - a +6 ring of strength (left hand)
Wands
 p - a wand of paralysis (68)
 D - a wand of scattershot (6)
 V - a wand of iceblast (24)
 W - a wand of disintegration (32)
 Z - a wand of digging (13)
Scrolls
 a - a scroll of brand weapon
 b - 7 scrolls of enchant weapon
 h - 8 scrolls of enchant armour
 n - 12 scrolls of teleportation
 r - 5 scrolls of blinking
 u - 4 scrolls of fog
 v - 12 scrolls of remove curse
 C - 8 scrolls of amnesia
 I - 4 scrolls of summoning
 J - 3 scrolls of magic mapping
 O - 4 scrolls of identify
 R - 3 scrolls of fear
Potions
 d - 9 potions of might
 i - 2 potions of heal wounds
 l - 5 potions of agility
 o - 3 potions of mutation
 q - 10 potions of ambrosia
 s - 9 potions of curing
 t - a potion of berserk rage
 F - 2 potions of resistance
 K - a potion of magic
 M - 2 potions of haste
 T - a potion of cancellation
Miscellaneous
 B - a phantom mirror
Comestibles
 f - 35 rations
 A - a chunk of flesh


   Skills:
 - Level 17.2 Fighting
 - Level 19.0 Maces & Flails
 + Level 17.8 Armour
 - Level 10.0 Dodging
 + Level 17.6 Shields
 * Level 5.5 Translocations
 + Level 17.1 Invocations
 - Level 6.0 Evocations


You had 19 spell levels left.
You knew the following spells:

 Your Spells              Type           Power        Failure   Level  Hunger
a - Shroud of Golubria    Chrm/Tloc      ##........   28%         2    ###....

Your spell library contained the following spells:

 Spells                   Type           Power        Failure   Level  Hunger
 Apportation              Tloc           ###...       6%          1    ##.....
 Lesser Beckoning         Tloc           ###.......   19%         3    ####...
 Corona                   Hex            #......      50%         1    ##.....
 Infusion                 Chrm           #...         50%         1    ##.....
 Magic Dart               Conj           #...         50%         1    ##.....
 Sandblast                Erth           #.....       50%         1    ##.....
 Sting                    Conj/Pois      #...         50%         1    ##.....
 Summon Butterflies       Summ           #.......     50%         1    ##.....
 Ensorcelled Hibernation  Hex/Ice        #.....       65%         2    ###....
 Passwall                 Tmut/Erth      #.......     65%         2    ###....
 Poisonous Vapours        Pois/Air       #.....       65%         2    ###....
 Song of Slaying          Chrm           #.......     65%         2    ###....
 Call Canine Familiar     Summ           #.......     86%         3    ####...
 Confuse                  Hex            #.......     86%         3    ####...
 Conjure Flame            Conj/Fire      #.......     86%         3    ####...
 Dazzling Spray           Conj/Hex       #.....       86%         3    ####...
 Ignite Poison            Fire/Tmut/Pois #.......     86%         3    ####...
 Mephitic Cloud           Conj/Pois/Air  #.......     86%         3    ####...
 Regeneration             Chrm/Necr      #.........   86%         3    ####...
 Spectral Weapon          Hex/Chrm       #.......     86%         3    ####...
 Stone Arrow              Conj/Erth      #.....       86%         3    ####...
 Tukima's Dance           Hex            #.......     86%         3    ####...
 Olgreb's Toxic Radiance  Pois           #.......     99%         4    #####..
 Petrify                  Tmut/Erth      #.......     99%         4    #####..
 Summon Ice Beast         Ice/Summ       #.......     99%         4    #####..
 Alistair's Intoxication  Tmut/Pois      #.......     100%        5    ######.
 Bolt of Magma            Conj/Fire/Erth #.........   100%        5    ######.
 Fireball                 Conj/Fire      #.........   100%        5    ######.
 Iskenderun's Battlesphe  Conj/Chrm      #.......     100%        5    ######.
 Lee's Rapid Deconstruct  Erth           #.........   100%        5    ######.
 Summon Mana Viper        Hex/Summ       #.......     100%        5    ######.
 Venom Bolt               Conj/Pois      #.........   100%        5    ######.
 Bolt of Fire             Conj/Fire      #.........   100%        6    #######
 Freezing Cloud           Conj/Ice/Air   #.........   100%        6    #######
 Invisibility             Hex            #.......     100%        6    #######
 Iron Shot                Conj/Erth      #.........   100%        6    #######
 Orb of Destruction       Conj           #.........   100%        7    #######
 Ring of Flames           Chrm/Fire      #.........   100%        7    #######
 Spellforged Servitor     Conj/Summ      #.........   100%        7    #######
 Summon Hydra             Summ           #.........   100%        7    #######
 Ignition                 Fire           #.........   100%        8    #######
 Shatter                  Erth           #.........   100%        9    #######
 Statue Form              Tmut/Erth      Unusable     N/A         6    N/A

Dungeon Overview and Level Annotations

Branches:
Dungeon (15/15)            Temple (1/1) D:4            Lair (6/6) D:8
  Swamp (4/4) Lair:2       Spider (4/4) Lair:3        Slime (1/5) Lair:6
    Orc (2/2) D:9             Elf (3/3) Orc:2        Vaults (3/5) D:13
  Crypt (2/3) Vaults:3     Depths (0/5) D:15

Altars:
Ashenzari
Cheibriados
Elyvilon
Fedhas
Gozag
Hepliaklqana
Okawaru
Qazlal
Ru
Sif Muna
Trog
Uskayaw
Vehumet
Wu Jian
Xom
Yredelemnul
Zin
The Shining One
Beogh

Shops:
D:8 (   D:13 :   D:14 *   Orc:2 ([:*   Elf:2 =   Elf:3 ?   Vaults:1 [*

Portals:
Trove: D:13 (give 8 potions of agility)

Annotations:
Lair:6 exclusion: 3 oklob plants


Innate Abilities, Weirdness & Mutations

You are resistant to torment.
Your stone body is resilient. (AC +16)
You are immune to poison.
Your large and strong wings let you fly indefinitely.
You resist negative energy. (rN+)
You are resistant to electric shocks. (rElec)
You can survive without breathing.
You are immune to petrification.
You are immune to rotting.
You have large cloven feet.
Your mind is acute. (Int +2)


Message History

As you read the scroll of teleportation, it crumbles to dust.
You feel strangely unstable.
Evoke which item? (* to show all) (? for menu, Esc to quit)
Aiming: Iceblast
Press: ? - help, Shift-Dir - straight line, f - deep elf sorcerer
Aim: a deep elf sorcerer, wielding a dagger and wearing a ring mail (severely The mass of ice explodes!
The iceblast engulfs the deep elf sorcerer.
The deep elf sorcerer is severely wounded.
You hear a deafening roar!
Evoke which item? (* to show all) (? for menu, Esc to quit)
Aiming: Iceblast
Press: ? - help, Shift-Dir - straight line, f/p - deep elf sorcerer
Aim: a deep elf sorcerer, wielding a dagger and wearing a ring mail (severely The mass of ice explodes!
The iceblast engulfs the deep elf sorcerer.
The deep elf sorcerer is almost dead.
The deep elf sorcerer casts a spell at you.
The sphere of damnation explodes!
The damnation engulfs you!
You die...

########### #.)e..@...#
#.#######.# #.# #.# #.# #.#
#A## #8# ##e.# ####.####
#####Ee#....8.∩.8.##########
......1x.xeee........E......(
......x.4..e...8..E......[..(


You could see a deep elf sorcerer.

Vanquished Creatures
  Mara (Crypt:1)
  Mennas (Crypt:1)
  Arachne (Spider:2)
  Jory (Vaults:2)
  A hellephant (Abyss:3)
  13 titans
  4 deep elf blademasters
  Frances (Swamp:1)
  2 ancient champions
  A deep elf master archer (Crypt:1)
  A sphinx (Vaults:2)
  6 thorn hunters
  3 tentacled starspawn
  Roxanne (Spider:3)
  Donald (Orc:2)
  9 frost giants
  A revenant (Crypt:2)
  3 ghost moths (Spider:4)
  7 fire giants
  8 vault wardens
  Louise (Swamp:2)
  5 emperor scorpions
  An orc warlord (Orc:2)
  2 ghouls
  6 deep elf sorcerers
  11 stone giants
  3 deep elf elementalists
  15 ironheart preservers
  An entropy weaver (Spider:1)
  3 very ugly things
  10 vampire knights
  3 green draconians
  2 black draconians (Crypt:2)
  3 red draconians (Crypt:2)
  2 yellow draconians (Crypt:2)
  Azrael (Orc:1)
  A dire elephant (D:15)
  2 deep elf annihilators
  A spark wasp (Spider:4)
  An eidolon (Crypt:1)
  2 purple draconians (Crypt:2)
  2 ettins
  A deep elf death mage (Vaults:3)
  9 jiangshi
  3 fire dragons
  3 great orbs of eyes
  6 yaktaur captains
  7 ogre magi
  A rakshasa (Vaults:3)
  2 shambling mangroves
  31 hydras
  4 ice dragons
  7 centaur warriors
  2 vault guards (Vaults:3)
  6 death knights
  24 alligators
  A catoblepas (D:14)
  23 dancing weapons
  15 two-headed ogres
  A death yak (Lair:5)
  3 vampire magi
  8 deep troll shamans
  2 orc high priests (Orc:2)
  3 thrashing horrors (Abyss:3)
  2 soul eaters
  14 deep elf knights
  A shadow wraith (Vaults:3)
  15 skeletal warriors
  2 unseen horrors
  A spark wasp zombie (Crypt:2)
  A glowing orange brain (Vaults:1)
  A shadow demon (Abyss:3)
  3 wizards
  15 deep trolls
  3 spriggan druids
  Pikel (D:7)
  An unseen horror (shapeshifter) (Elf:1)
  4 flayed ghosts
  An iron giant skeleton (Crypt:2)
  15 phantasmal warriors
  A lindwurm (Lair:4)
  12 swamp dragons
  15 deep elf archers
  20 orb spiders
  14 orc knights
  8 ironbrand convokers
  2 necromancers
  62 deep elf magi
  33 wolf spiders
  A manticore (D:15)
  4 orc sorcerers (Orc:2)
  8 cyclopes
  42 ugly things
  A manticore (shapeshifter) (Vaults:3)
  4 moths of wrath
  A salamander (D:15)
  2 human zombies (Vaults:1)
  32 slime creatures
  2 guardian serpents (D:14)
  A shock serpent zombie (Crypt:1)
  An elephant (Abyss:3)
  A black mamba (Lair:5)
  Maurice (Orc:2)
  An ice statue (IceCv)
  2 gargoyles
  2 torpor snails
  5 vault sentinels
  24 spiny frogs
  2 rime drakes
  A white draconian zombie (Crypt:1)
  A yaktaur (shapeshifter) (Vaults:3)
  23 yaktaurs
  6 freezing wraiths
  9 komodo dragons
  A kobold demonologist (D:6)
  An efreet (D:13)
  13 demonic crawlers
  An ancient zyme (Abyss:4)
  3 meliai (D:14)
  A troll (shapeshifter) (Vaults:2)
  A meliai (shapeshifter) (Vaults:2)
  27 jumping spiders
  19 polar bears
  18 tyrant leeches
  7 trolls
  4 raiju (Abyss:3)
  Prince Ribbit (Lair:2)
  21 hornets
  A guardian serpent zombie (Crypt:1)
  10 bog bodies
  25 blink frogs
  8 hippogriffs
  12 flying skulls
  2 air elementals
  A large abomination (Abyss:3)
  A shadow (D:12)
  A water elemental (Elf:3)
  7 spriggans
  7 wyverns
  A yak (shapeshifter) (Elf:3)
  62 redbacks
  4 vampires
  10 wraiths
  37 tarantellas
  2 basilisks
  A fire bat (shapeshifter) (D:15)
  50 yaks
  A hungry ghost (D:14)
  20 vampire mosquitoes
  A neqoxec (Abyss:3)
  9 fire elementals
  6 wargs
  A swamp worm (shapeshifter) (D:15)
  A glowing shapeshifter zombie (Crypt:1)
  An infernal demonspawn zombie (Crypt:2)
  8 insubstantial wisps
  3 hell hounds
  2 soldier ants
  22 swamp worms
  10 porcupines
  A water nymph skeleton (Crypt:2)
  8 water moccasins
  Purgy (D:3)
  A floating eye (shapeshifter) (Elf:3)
  A porcupine (shapeshifter) (Vaults:2)
  A slave (D:7)
  7 sky beasts
  5 ice beasts
  34 ogres
  14 swamp drakes
  A black bear (Lair:2)
  31 orc warriors
  An ice beast (shapeshifter) (D:14)
  A necrophage (D:6)
  3 phantoms
  20 wolves
  An eye of draining (D:11)
  A boggart (Vaults:3)
  9 centaurs
  A human skeleton (Vaults:1)
  12 crocodiles
  2 big kobolds
  29 bullfrogs
  5 earth elementals
  A yaktaur skeleton (Crypt:2)
  4 scorpions
  3 wights (D:12)
  17 killer bees
  A yak skeleton (Crypt:1)
  6 electric eels
  5 howler monkeys
  15 crimson imps
  3 centaur zombies
  11 starcursed masses (Abyss:3)
  A bullfrog zombie (D:12)
  2 quasits
  3 bullfrog skeletons
  An iron imp (Abyss:3)
  10 centaur skeletons
  19 jellies
  14 orc priests
  4 hounds
  Ijyb (D:3)
  9 worker ants
  5 iguanas
  26 orc wizards
  A big kobold zombie (Crypt:2)
  A dwarf zombie (Crypt:2)
  A felid zombie (Crypt:1)
  A hound zombie (D:11)
  An acid dragon skeleton (Crypt:1)
  6 gnolls
  A swamp drake zombie (Crypt:2)
  13 adders
  A swamp drake skeleton (Crypt:1)
  9 shadow imps
  12 white imps (D:15)
  2 adder skeletons
  A worm (D:2)
  3 dart slugs
  4 leopard geckos
  72 orcs
  6 giant cockroaches
  8 goblins
  6 hobgoblins
  10 jackals
  14 kobolds
  8 quokkas
  4 ball pythons
  4 bats
  4 frilled lizards
  A gnoll skeleton (Crypt:2)
  3 quokka skeletons
  3 rats (D:3)
  A river rat zombie (Crypt:1)
  3 crawling corpses (Vaults:3)
  4 plants (D:10)
  4 starspawn tentacles
1738 creatures vanquished.

Vanquished Creatures (collateral kills)
  A titan (Crypt:2)
  A fire giant (Elf:2)
  A frost giant (Elf:2)
  A draconian shifter (Abyss:3)
  A dire elephant (Abyss:3)
  An elephant (Abyss:3)
6 creatures vanquished.

Vanquished Creatures (others)
  4 deep elf master archers
  A draconian shifter (Abyss:3)
  A stone giant (Crypt:2)
  2 deep elf knights
  3 deep elf archers
  3 deep elf magi
  3 yaktaurs (Vaults:3)
  A hornet (Spider:4)
  A jumping spider (Spider:1)
  An ice beast (D:14)
  An orc warrior (Orc:2)
  A crimson imp (D:7)
  An orc wizard (Vaults:1)
  An orc (Vaults:1)
  5 briar patches
  3 bushes (Lair:2)
  17 fungi
  A lurking horror (Abyss:4)
  57 plants
  2 starspawn tentacles (Abyss:4)
109 creatures vanquished.

Grand Total: 1853 creatures vanquished

Notes
Turn   | Place    | Note
-------+----------+-------------------------------------------
     0 | D:1      | PikkenKukken the Gargoyle Fighter began the quest for the
                  | Orb.
     0 | D:1      | Reached XP level 1. HP: 14/14 MP: 1/1
   515 | D:1      | Reached XP level 2. HP: 17/19 MP: 2/2
   818 | D:2      | Found a hide-covered altar of Uskayaw.
   918 | D:2      | Reached XP level 3. HP: 19/23 MP: 3/3
  1153 | D:2      | Found a faded altar of an unknown god.
  1241 | D:3      | Noticed Ijyb
  1254 | D:3      | Killed Ijyb
  1254 | D:3      | Reached skill level 3 in Maces & Flails
  1259 | D:3      | Reached XP level 4. HP: 14/29 MP: 4/4
  1895 | D:3      | Reached XP level 5. HP: 25/33 MP: 5/5
  2038 | D:3      | Noticed Purgy
  2075 | D:3      | Killed Purgy
  2075 | D:3      | Reached skill level 4 in Maces & Flails
  2075 | D:3      | Reached XP level 6. HP: 19/38 MP: 6/6
  2807 | D:4      | Found a stormy altar of Qazlal.
  2939 | D:4      | Found a staircase to the Ecumenical Temple.
  2945 | Temple   | Entered the Ecumenical Temple
  2957 | Temple   | Became a worshipper of Warmaster Okawaru
  3530 | D:5      | Entered Level 5 of the Dungeon
  3792 | D:5      | Reached XP level 7. HP: 44/44 MP: 7/7
  3877 | D:4      | Reached skill level 5 in Maces & Flails
  4071 | D:5      | Reached skill level 1 in Invocations
  4075 | D:5      | Reached skill level 5 in Armour
  4214 | D:5      | Reached skill level 5 in Fighting
  4261 | D:5      | Reached * piety under Okawaru
  4261 | D:5      | Reached skill level 5 in Shields
  4682 | D:6      | Noticed a vampire
  4682 | D:6      | Noticed a kobold demonologist
  4688 | D:6      | Reached XP level 8. HP: 44/49 MP: 9/9
  4836 | D:6      | Found a snail-covered altar of Cheibriados.
  4893 | D:6      | Reached skill level 6 in Maces & Flails
  5226 | D:6      | Reached ** piety under Okawaru
  5452 | D:6      | Killed a vampire
  5646 | D:6      | Killed a kobold demonologist
  5646 | D:6      | Reached skill level 7 in Maces & Flails
  5646 | D:6      | Reached XP level 9. HP: 54/55 MP: 9/11
  6005 | D:6      | Reached *** piety under Okawaru
  6763 | D:7      | Reached skill level 8 in Maces & Flails
  6890 | D:7      | Noticed Pikel
  6922 | D:7      | Killed Pikel
  6922 | D:7      | Reached skill level 5 in Invocations
  6997 | D:7      | Reached XP level 10. HP: 50/63 MP: 13/13
  7090 | D:7      | Reached **** piety under Okawaru
  8144 | D:8      | Found Tydamot Vifu's Weapon Shoppe.
  8451 | D:8      | Reached skill level 9 in Maces & Flails
  8622 | D:8      | Found a staircase to the Lair.
  8969 | D:9      | Got a dazzling chain mail
  9013 | D:8      | Identified the cursed +1 chain mail of the Mantidfly
                  | {Regen+} (You found it on level 9 of the Dungeon)
  9493 | D:9      | Found a staircase to the Orcish Mines.
  9935 | D:10     | Entered Level 10 of the Dungeon
  9993 | D:10     | Noticed an unseen horror
 10008 | D:10     | Killed an unseen horror
 10008 | D:10     | Reached ***** piety under Okawaru
 10129 | D:10     | Identified a scroll of acquirement
 10226 | D:10     | Reached XP level 11. HP: 68/68 MP: 13/15
 10336 | D:10     | Reached skill level 10 in Maces & Flails
 11268 | Lair:1   | Entered Level 1 of the Lair of Beasts
 11493 | Lair:1   | Received a gift from Okawaru
 12001 | Lair:1   | Noticed a six-headed hydra
 12014 | Lair:1   | Killed a six-headed hydra
 12708 | Lair:2   | Noticed Prince Ribbit
 12724 | Lair:2   | Killed Prince Ribbit
 12730 | Lair:2   | Reached skill level 11 in Maces & Flails
 13139 | Lair:2   | Got a brightly glowing cloak
 13150 | Lair:2   | Identified the +0 cloak "Cicusket" {*Slow rF++ SInv Stlth+}
                  | (You found it on level 2 of the Lair of Beasts)
 13239 | Lair:2   | Reached XP level 12. HP: 76/76 MP: 17/17
 13595 | Lair:2   | Found a staircase to the Swamp.
 13786 | Lair:3   | Found a hole to the Spider Nest.
 14282 | Lair:3   | Received a gift from Okawaru
 14307 | Lair:3   | Got a faintly humming scale mail {god gift}
 14319 | Lair:3   | Identified the +0 scale mail of Okawaru's Whim {rF+}
                  | (Okawaru gifted it to you on level 3 of the Lair of Beasts)
 14483 | Lair:3   | Noticed a seven-headed hydra
 14502 | Lair:3   | Killed a seven-headed hydra
 14502 | Lair:3   | Reached skill level 12 in Maces & Flails
 14560 | Lair:3   | Reached skill level 10 in Armour
 14598 | Lair:3   | Reached skill level 10 in Shields
 14603 | Lair:3   | Reached skill level 10 in Fighting
 15459 | Lair:4   | Reached XP level 13. HP: 66/82 MP: 17/19
 15743 | Lair:4   | Received a gift from Okawaru
 16940 | Lair:6   | Entered Level 6 of the Lair of Beasts
 16971 | Lair:5   | Reached skill level 13 in Maces & Flails
 17206 | Lair:6   | Reached skill level 1 in Evocations
 17262 | Lair:6   | Reached skill level 1 in Dodging
 17689 | Lair:6   | Received a gift from Okawaru
 18202 | Lair:6   | Found a staircase to the Slime Pits.
 18488 | Lair:5   | Reached skill level 10 in Invocations
 18600 | Lair:6   | Gained mutation: Your large and strong wings let you fly
                  | indefinitely. [Gargoyle growth]
 18600 | Lair:6   | Reached XP level 14. HP: 75/90 MP: 21/21
 18755 | Lair:6   | Got a transparent ivory amulet
 19000 | Lair:6   | Identified the amulet "Dyucraladgh" {Harm *Drain rElec rN+
                  | Str-4 SInv} (You acquired it on level 6 of the Lair of
                  | Beasts)
 21754 | D:12     | Upgraded the game from 0.23-a0-239-g84a5ed292d to
                  | 0.23-a0-241-g3b46b076a4
 22000 | Slime:1  | Entered Level 1 of the Pits of Slime
 22161 | Swamp:1  | Entered Level 1 of the Swamp
 22195 | Swamp:1  | Noticed Frances
 22324 | Swamp:1  | Killed Frances
 22324 | Swamp:1  | Reached skill level 14 in Maces & Flails
 22537 | Swamp:1  | Received a gift from Okawaru
 22666 | Swamp:1  | Got a pair of fine boots {god gift}
 22672 | Swamp:1  | Identified the +1 pair of boots "Jaar" {+Fly MR+++ MP+9
                  | Str-3} (Okawaru gifted it to you on level 1 of the Swamp)
 23162 | Swamp:1  | Got a faintly humming cloak
 23173 | Swamp:1  | Identified the +2 cloak of Misanthropy {MP+9 Int+4} (You
                  | found it on level 1 of the Swamp)
 23511 | Swamp:1  | Reached XP level 15. HP: 96/96 MP: 23/23
 24266 | Swamp:2  | Noticed Louise
 24303 | Swamp:2  | Killed Louise
 24303 | Swamp:2  | Received a gift from Okawaru
 25021 | Swamp:3  | Noticed a thorn hunter
 25047 | Swamp:3  | Killed a thorn hunter
 25093 | Swamp:3  | Noticed a thorn hunter
 25105 | Swamp:2  | Reached skill level 5 in Evocations
 25133 | Swamp:3  | Killed a thorn hunter
 25257 | Swamp:2  | Reached skill level 15 in Maces & Flails
 26190 | D:13     | Found a portal to a secret trove of treasure.
 26235 | D:13     | Received a gift from Okawaru
 26235 | D:13     | Reached skill level 5 in Dodging
 26238 | D:13     | Got a pair of crude boots {god gift}
 26249 | D:13     | Identified the -4 pair of boots of Narcissism {-Cast rF+
                  | Int+6} (Okawaru gifted it to you on level 13 of the
                  | Dungeon)
 26412 | D:13     | Found a gate to the Vaults.
 26758 | D:13     | Found Umagezul's Book Shop.
 27199 | D:14     | Found Anel's Demolitions Depot.
 27615 | D:14     | Reached XP level 16. HP: 103/103 MP: 24/24
 27970 | D:15     | Entered Level 15 of the Dungeon
 28465 | D:15     | Found a frozen archway.
 28521 | IceCv    | Entered an ice cave
 28699 | IceCv    | Received a gift from Okawaru
 29191 | IceCv    | Got a warped great mace
 29297 | IceCv    | Received a gift from Okawaru
 29426 | IceCv    | Identified the +2 great mace of Dithmenos's Scorn {freeze,
                  | +Blink} (You found it in an ice cave)
 29714 | D:15     | Found a staircase to the Depths.
 30423 | Spider:1 | Entered Level 1 of the Spider Nest
 30720 | Lair:3   | Received a gift from Okawaru
 30723 | Lair:3   | Got a bloodstained eveningstar {god gift}
 30724 | Lair:3   | Identified the +5 eveningstar of the Black Skies {freeze,
                  | Fragile Int+5 SInv} (Okawaru gifted it to you on level 3 of
                  | the Lair of Beasts)
 30820 | Lair:3   | Reached skill level 16 in Maces & Flails
 31577 | Orc:1    | Entered Level 1 of the Orcish Mines
 31822 | Orc:1    | Found a roughly hewn altar of Beogh.
 32099 | Orc:2    | Entered Level 2 of the Orcish Mines
 32099 | Orc:2    | Found a staircase to the Elven Halls.
 32144 | Orc:2    | Received a gift from Okawaru
 32225 | Orc:2    | Found Byvura's Antique Weapon Shop.
 32252 | Orc:2    | Noticed Azrael
 32307 | Orc:1    | Killed Azrael
 32402 | Orc:2    | Noticed Donald
 32411 | Orc:2    | Killed Donald
 32411 | Orc:2    | Reached XP level 17. HP: 97/109 MP: 23/26
 32422 | Orc:2    | Noticed Maurice
 32432 | Orc:2    | Killed Maurice
 32577 | Orc:2    | Found Yrrievont's Antique Armour Boutique.
 32631 | Orc:2    | Found Birisk's Book Shoppe.
 32982 | Orc:2    | Found Noygo's General Store.
 32990 | Orc:2    | Bought a scroll of identify for 30 gold pieces
 33223 | Elf:1    | Entered Level 1 of the Elven Halls
 33363 | Elf:1    | Reached ****** piety under Okawaru
 33363 | Elf:1    | Received a gift from Okawaru
 33991 | Elf:1    | Identified a +1 pair of boots of running (Okawaru gifted it
                  | to you on level 1 of the Elven Halls)
 34626 | Elf:1    | Identified the Handbook of Battle Magic and the Entourage
 35042 | Spider:2 | Gained mutation: You have large cloven feet. [potion of
                  | mutation]
 35042 | Spider:2 | Gained mutation: Your mind is acute. (Int +2) [potion of
                  | mutation]
 35231 | Spider:2 | Received a gift from Okawaru
 35633 | Spider:2 | Reached XP level 18. HP: 112/116 MP: 28/28
 36529 | Spider:3 | Noticed Roxanne
 36529 | Spider:3 | Noticed Arachne
 36545 | Spider:2 | Killed Arachne
 36666 | Spider:3 | Received a gift from Okawaru
 37078 | Spider:3 | Killed Roxanne
 37078 | Spider:3 | Reached skill level 17 in Maces & Flails
 37079 | Spider:3 | Identified Roxanne's Handbook of Stones (You took it off
                  | Roxanne on level 3 of the Spider Nest)
 37310 | Swamp:4  | Entered Level 4 of the Swamp
 37828 | Swamp:3  | Received a gift from Okawaru
 37831 | Swamp:3  | Got an ichor-stained plate armour {god gift}
 37842 | Swamp:3  | Identified the +10 plate armour "Guxuaj" {Str+5} (Okawaru
                  | gifted it to you on level 3 of the Swamp)
 38492 | Swamp:4  | Got a decaying rune of Zot
 38842 | Spider:4 | Entered Level 4 of the Spider Nest
 38862 | Spider:3 | Reached skill level 15 in Armour
 38974 | Spider:4 | Reached XP level 19. HP: 115/123 MP: 29/29
 38977 | Spider:4 | Reached skill level 15 in Fighting
 39076 | Spider:4 | Received a gift from Okawaru
 39076 | Spider:4 | Reached skill level 15 in Shields
 39808 | Spider:4 | Got a gossamer rune of Zot
 40439 | Vaults:1 | Entered Level 1 of the Vaults
 41354 | Vaults:1 | Found Igunerr's Assorted Antiques.
 41572 | Vaults:1 | Received a gift from Okawaru
 41838 | Vaults:1 | Found Roumuy's Antique Armour Emporium.
 41898 | Vaults:1 | Bought a scroll of identify for 64 gold pieces
 41898 | Vaults:1 | Bought a potion of agility for 128 gold pieces
 41898 | Vaults:1 | Bought a scroll of identify for 64 gold pieces
 41898 | Vaults:1 | Bought a scroll of identify for 64 gold pieces
 42111 | Vaults:1 | Reached skill level 15 in Invocations
 42176 | Vaults:2 | Found a ruined gateway.
 42225 | Vaults:2 | Reached XP level 20. HP: 113/131 MP: 31/31
 42394 | Vaults:2 | Received a gift from Okawaru
 42402 | Vaults:2 | Got a jewelled flail {god gift}
 42457 | Vaults:2 | Identified the +9 flail of the Endless March {crush, *Noise
                  | rPois Str+5} (Okawaru gifted it to you on level 2 of the
                  | Vaults)
 42611 | Vaults:2 | Reached skill level 18 in Maces & Flails
 43016 | Vaults:2 | Noticed Jory
 43037 | Vaults:2 | Killed Jory
 43309 | Vaults:2 | Received a gift from Okawaru
 43888 | Vaults:3 | Received a gift from Okawaru
 44544 | Vaults:3 | Reached XP level 21. HP: 106/137 MP: 32/32
 45193 | Vaults:3 | Received a gift from Okawaru
 45930 | Vaults:3 | Found a staircase to the Crypt.
 46428 | Crypt:1  | Entered Level 1 of the Crypt
 46436 | Vaults:3 | Got a brightly glowing silver amulet
 46747 | Temple   | Fell from the grace of Okawaru
 46747 | Temple   | Became a worshipper of the Shining One
 47311 | Crypt:1  | Reached * piety under the Shining One
 47635 | Crypt:1  | Identified the amulet "Konijacu" {+Rage Dex-5 Slay+4} (You
                  | acquired it on level 3 of the Vaults)
 47792 | Crypt:1  | Noticed Mennas
 47792 | Crypt:1  | Reached ** piety under the Shining One
 47831 | Crypt:1  | Killed Mennas
 48126 | Crypt:1  | Reached *** piety under the Shining One
 48273 | Crypt:1  | Noticed Mara
 48273 | Crypt:1  | Reached **** piety under the Shining One
 48284 | Crypt:1  | Killed Mara
 48291 | Crypt:1  | Reached XP level 22. HP: 116/144 MP: 34/34
 48828 | Crypt:2  | Reached ***** piety under the Shining One
 48958 | Crypt:2  | Reached skill level 19 in Maces & Flails
 49264 | Crypt:2  | Learned a level 2 spell: Shroud of Golubria
 50945 | Elf:2    | Found Ruilidui's Jewellery Shop.
 51042 | Elf:2    | Reached skill level 10 in Dodging
 51123 | Elf:2    | Reached skill level 1 in Translocations
 51303 | Elf:2    | Found a huge runed gate.
 51303 | Elf:2    | Found a huge runed gate.
 51303 | Elf:2    | Found a huge runed gate.
 51303 | Elf:2    | Found a huge runed gate.
 51305 | Elf:2    | Found a huge runed gate.
 51663 | Elf:2    | Cast into level 3 of the Abyss (deep elf blademaster)
 51906 | Abyss:3  | Paralysed by accursed screaming for 1 turns
 51977 | Elf:2    | Escaped the Abyss
 52823 | Elf:2    | Was forgiven by Okawaru
 53274 | Elf:3    | Entered Level 3 of the Elven Halls
 53455 | Elf:3    | Reached skill level 5 in Translocations
 53617 | Elf:3    | Found Odessah's Magic Scroll Boutique.
 53638 | Elf:3    | Bought a scroll of identify for 32 gold pieces
 53638 | Elf:3    | Bought a scroll of identify for 32 gold pieces
 53755 | Elf:3    | Killed from afar by a deep elf sorcerer

Vault maps used:
D:1:      dpeg_arrival_radiant, serial_park_tiny_2, minmay_pentomino_x2
D:2:      old_standard_altar, chequers_ecumenical_altar_simple_redux
D:3:      uniq_purgy, uniq_ijyb
D:4:      minmay_temple_entry_grid, grunt_qazlal_clouds
D:5:      first_ration
D:6:      wad_guarded_room, cheibriados_altar_1, uniq_crazy_yiuf_cottage
D:7:      kennysheep_donut, uniq_pikel
D:8:      david_lair_shrubbed, serial_shops, kennysheep_little_box,
          serial_bayou_lagoon_a, grunt_pizzeria, minmay_misc_feat_encased,
          fountainhead, kennysheep_generic_room_2
D:9:      david_orc_2
D:10:     minmay_weird_star, kennysheep_generic_room_9
D:13:     erik_vaults_1, enter_trove_2, serial_shops, shop, minmay_crystal_water
D:14:     nrook_guardian_serpent_snake_passage, minivault_27,
          nicolae_blasting_shop
D:15:     hangedman_depths_entry_try_elsewhere_first,
          portal_ice_cave_entry_imps, serial_bayou_pond_d
Temple:   dpeg_three_leaves_temple
Lair:1:   beast_lair_carwin_9
Lair:2:   nicolae_swamp_entry_splash_gauntlet, grunt_forest_stairs_clearing,
          uniq_prince_ribbit2
Lair:3:   nicolae_spider_entry_orb_guardian, worms_lemuel
Lair:5:   serial_bayou_shore_b
Lair:6:   minmay_lair_end_frog_pond, minmay_slime_entry_jelly_boxes,
          minmay_lair_oklob_chamber
Swamp:1:  evilmike_swamp_ruin_house_2, infiniplex_staircase_pool_2, uniq_frances
Swamp:2:  serial_swamp_ruin, evilmike_swamp_ruin_house_6,
          evilmike_swamp_ruin_house_4, evilmike_swamp_ruin_house_3, swamp_pool3,
          infiniplex_staircase_pool, uniq_louise
Swamp:3:  evilmike_swamp_ruin_wall
Swamp:4:  swamp_basic_johnstein
Spider:2: spider_trap
Spider:3: uniq_roxanne, uniq_arachne
Spider:4: guppyfry_spider_rune
Orc:1:    mines1_david
Orc:2:    grunt_orc_gardens, grunt_orc_garden, grunt_orc_garden,
          grunt_orc_garden, grunt_orc_garden, uniq_donald, uniq_maurice,
          uniq_azrael
Elf:1:    minmay_elf_arrival_summoners, minmay_elf_sorcery, spider_trap
Elf:2:    serial_shops, nicolae_shop_trees
Elf:3:    minmay_elf_hall_quartered_circle, serial_shops,
          nicolae_shop_statue_plus
Vaults:1: grunt_vaults_hallway_long, hangedman_vaults_capsules, v_misc_18,
          vaults_room_corners, v_rooms_5, hangedman_vaults_slice,
          nicolae_vaults_quadrants, v_alt_pattern_6, vaults_dpeg_ring,
          vaults_mumra_chevron, nicolae_vaults_little_squares_3, serial_shops,
          shop, nicolae_shop_statue_plus
Vaults:2: nicolae_vaults_mini_display_case, v_misc_26, v_misc_22,
          nicolae_vaults_what_the_h, ontoclasm_vaults_tryst, v_misc_14,
          v_misc_1, nicolae_vaults_rhombus_6, vaults_mumra_minichess, v_misc_19,
          vaults_dpeg_cross, vaults_room_stairs_pillars, v_misc_16,
          nicolae_vaults_asterisk, portal_desolation_entry_nicolae_slug,
          uniq_jory
Vaults:3: minmay_crypt_entry_simple_statues, nicolae_vaults_arrows,
          hangedman_vaults_nodes, vaults_room_pools, v_misc_26,
          vaults_room_octagon, dpeg_vaults_monster_box, dpeg_vaults_monster_row
Crypt:1:  minivault_27, grunt_crypt_arrival_split, uniq_mara, uniq_mennas
Crypt:2:  grunt_ministairs_9, lemuel_elevator, grunt_megastairs_5
Abyss:3:  due_evilmike_abyss_rune_seething_liches
Abyss:4:  evilmike_abyss_exit_5, evilmike_abyss_exit_16
IceCv:    ice_cave_small_giant

Skill      XL: |  1  2  3  4  5  6  7  8  9 10 11 12 13 14 15 16 17 18 19 20 21 22 |
---------------+-------------------------------------------------------------------+-----
Maces & Flails | 3 4 5 7 8 9 11 12 13 14 15 16 17 18 19 | 19.0
Armour         | 4 5 6 7 8 9 10 11 12 13 14 15 16 17 | 17.8
Fighting       | 4 5 6 7 8 9 10 11 12 13 14 15 16 17 | 17.2
Shields        | 4 5 6 7 8 9 10 11 12 13 14 15 16 17 | 17.6
Invocations    | 2 3 5 6 7 9 10 11 12 13 14 15 16 17 | 17.1
Evocations     | 2 4 5 6 |  6.0
Dodging        | 2 3 5 6 7 8 9 10 | 10.0
Translocations | 5 |  5.5

Action                   |  1- 3 |  4- 6 |  7- 9 | 10-12 | 13-15 | 16-18 | 19-21 | 22-24 || total
-------------------------+-------+-------+-------+-------+-------+-------+-------+-------++-------
Melee: Flail             |   101 |   212 |   404 |       |       |       |       |       ||   717
       Whip              |       |       |    11 |  1667 |  2619 |       |       |       ||  4297
       Morningstar       |       |       |       |       |   465 |   427 |       |       ||   892
       Eveningstar       |       |       |       |       |       |  1218 |  1645 |   788 ||  3651
       Great mace        |       |       |       |       |       |   103 |       |       ||   103
Invok: Heroism           |       |       |     5 |    25 |    20 |    14 |     6 |       ||    70
       Finesse           |       |       |       |     7 |     9 |    10 |     4 |       ||    30
       Divine Shield     |       |       |       |       |       |       |     2 |     4 ||     6
       Cleansing Flame   |       |       |       |       |       |       |       |     5 ||     5
       Summon Divine War |       |       |       |       |       |       |       |     5 ||     5
 Abil: Fly               |       |       |       |       |     1 |       |       |       ||     1
Evoke: Wand              |       |       |       |     5 |    16 |    39 |     5 |     5 ||    70
  Use: Scroll            |     4 |     4 |     6 |     8 |    10 |     9 |    11 |     8 ||    60
       Potion            |     1 |     1 |     2 |       |     3 |     2 |     3 |     4 ||    16
 Stab: Confused          |       |       |       |       |     2 |       |       |       ||     2
       Distracted        |       |       |       |       |       |     1 |       |       ||     1
  Eat: Chunk             |     1 |     9 |    11 |    21 |    26 |    16 |    19 |     3 ||   106
       Ration            |       |       |       |     2 |     5 |     6 |     4 |     5 ||    22
Armor: Scale mail        |    56 |    92 |       |       |       |       |       |       ||   148
       Chain mail        |       |    43 |    55 |   352 |   783 |   423 |       |       ||  1656
       Plate armour      |       |       |   137 |    50 |       |   607 |   900 |   366 ||  2060
Dodge: Dodged            |    53 |    68 |    68 |   330 |   777 |   577 |   550 |   207 ||  2630
Block: Shield            |    57 |   112 |   166 |   564 |   762 |   659 |  1183 |   508 ||  4011
       Large shield      |       |       |       |       |   902 |   716 |       |       ||  1618
       Buckler           |       |       |       |       |     2 |       |       |       ||     2
       Reflection        |       |       |       |       |       |    27 |    62 |    43 ||   132

Table legend:
 A = Non-vault XP
 B = Vault XP
 C = Vault XP percentage of total XP
 D = Non-vault monster count
 E = Vault monster count
 F = Vault count percentage of total count
                 A         B        C        D         E       F
            +---------+---------+-------+---------+---------+-------
      Total |  424284 |  270044 |  38.9 |    1203 |     478 |  28.4
            +---------+---------+-------+---------+---------+-------
        D:1 |      12 |       2 |  14.3 |       6 |       1 |  14.3
        D:2 |      28 |       0 |   0.0 |      10 |       0 |   0.0
        D:3 |     141 |     179 |  55.9 |      33 |       2 |   5.7
        D:4 |     326 |       0 |   0.0 |      15 |       0 |   0.0
        D:5 |     454 |       0 |   0.0 |      25 |       0 |   0.0
        D:6 |    1440 |     916 |  38.9 |      28 |      14 |  33.3
        D:7 |     790 |     697 |  46.9 |       9 |       1 |  10.0
        D:8 |    1568 |     621 |  28.4 |      25 |       4 |  13.8
        D:9 |    1032 |      12 |   1.1 |      14 |       4 |  22.2
       D:10 |    2763 |      50 |   1.8 |      28 |       1 |   3.4
       D:11 |    5461 |       0 |   0.0 |      41 |       0 |   0.0
       D:12 |    2463 |       0 |   0.0 |      39 |       0 |   0.0
       D:13 |    5235 |    1808 |  25.7 |      24 |       2 |   7.7
       D:14 |    9893 |     956 |   8.8 |      36 |       2 |   5.3
       D:15 |   11133 |    2628 |  19.1 |      27 |      16 |  37.2
     Lair:1 |    3633 |    1183 |  24.6 |      16 |       3 |  15.8
     Lair:2 |    1660 |    3318 |  66.7 |       9 |      17 |  65.4
     Lair:3 |   11086 |    3339 |  23.1 |      47 |      12 |  20.3
     Lair:4 |    4093 |       0 |   0.0 |      14 |       0 |   0.0
     Lair:5 |    5833 |    4375 |  42.9 |      20 |      24 |  54.5
     Lair:6 |    6732 |    8474 |  55.7 |      24 |      37 |  60.7
    Swamp:1 |   18949 |    2401 |  11.2 |      45 |       1 |   2.2
    Swamp:2 |   13072 |    1649 |  11.2 |      28 |       1 |   3.4
    Swamp:3 |   21173 |    2125 |   9.1 |      38 |       3 |   7.3
    Swamp:4 |   15517 |   23750 |  60.5 |      34 |      29 |  46.0
   Spider:1 |   12862 |       0 |   0.0 |      30 |       0 |   0.0
   Spider:2 |   20478 |    3818 |  15.7 |      59 |       1 |   1.7
   Spider:3 |    8250 |    2000 |  19.5 |      29 |       1 |   3.3
   Spider:4 |   12677 |   23856 |  65.3 |      38 |      40 |  51.3
      Orc:1 |    1514 |    2650 |  63.6 |      19 |       9 |  32.1
      Orc:2 |   11662 |   13456 |  53.6 |      47 |      31 |  39.7
      Elf:1 |   13063 |    9756 |  42.8 |      21 |      15 |  41.7
      Elf:2 |   11454 |   22535 |  66.3 |      20 |      30 |  60.0
      Elf:3 |    5038 |    7856 |  60.9 |      11 |       5 |  31.2
   Vaults:1 |   14574 |   27933 |  65.7 |      28 |      44 |  61.1
   Vaults:2 |   42334 |   22235 |  34.4 |      69 |      22 |  24.2
   Vaults:3 |   60171 |   32413 |  35.0 |      84 |      51 |  37.8
    Crypt:1 |   31549 |   16507 |  34.3 |      50 |       2 |   3.8
    Crypt:2 |   21733 |    9650 |  30.7 |      36 |      11 |  23.4
    Abyss:3 |    9869 |    7384 |  42.8 |      25 |       6 |  19.4
    Abyss:4 |    2569 |       0 |   0.0 |       2 |       0 |   0.0
      IceCv |       0 |    9512 | 100.0 |       0 |      36 | 100.0
            +---------+---------+-------+---------+---------+-------
